 Dungeon Crawl Stone Soup version 0.25.1-2-g60ff931df9 (webtiles) character file.

Game seed: 9249843122735792785

217 Exodus22XD the Conjurer (level 5, -2/28 HPs)
             Began as a Deep Elf Wizard on Oct 17, 2020.
             Slain by Grinder (6 damage)
             ... on level 3 of the Dungeon.
             The game lasted 00:05:26 (3036 turns).

Exodus22XD the Conjurer (Deep Elf Wizard)           Turns: 3036, Time: 00:05:26

Health: -2/28      AC:  3    Str:  4    XL:     5   Next: 61%
Magic:  4/13       EV: 13    Int: 24    God:
Gold:   170        SH:  0    Dex: 13    Spells: 1/12 levels left

rFire    . . .     SeeInvis .   r - +1 dagger (venom)
rCold    . . .     Gourm    .   (no shield)
rNeg     . . .     Faith    .   a - +0 robe
rPois    .         Spirit   .   i - +0 helmet
rElec    .         Reflect  .   (no cloak)
rCorr    .         Harm     .   (no gloves)
MR       .....                  (no boots)
Stlth    ++........             (no amulet)
HPRegen  0.09/turn              (no ring)
MPRegen  0.13/turn              (no ring)

@: no status effects
A: no striking features
a: no special abilities


You were on level 3 of the Dungeon.
You were not hungry.

You visited 1 branch of the dungeon, and saw 3 of its levels.

You collected 170 gold pieces.

Inventory:

Hand Weapons
 l - a +1 vampiric spear
 r - a +1 dagger of venom (weapon)
Armour
 a - a +0 robe (worn)
 i - a +0 helmet (worn)
Scrolls
 b - a scroll of fog {unknown}
 c - a scroll of remove curse {unknown}
 e - 6 scrolls of identify {unknown}
 g - 2 scrolls of amnesia {unknown}
 k - a scroll of enchant weapon {unknown}
 q - a scroll of fear {unknown}
Potions
 f - a potion of degeneration {unknown}
 h - a potion of stabbing {unknown}
 j - 3 potions of heal wounds {unknown}
 m - a potion of curing {unknown}
 n - a potion of brilliance {unknown}
 p - a potion of flight {unknown}
Comestibles
 d - 5 rations
 o - 6 chunks of flesh


   Skills:
 - Level 2.4 Dodging
 - Level 2.4 Stealth
 - Level 4.4 Spellcasting
 - Level 4.9 Conjurations
 - Level 3.8 Summonings
 - Level 1.1 Translocations


You had one spell level left.
You knew the following spells:

 Your Spells              Type           Power        Failure   Level  Hunger
a - Magic Dart            Conj           ####         1%          1    None
b - Call Imp              Summ           ###.....     3%          2    None
c - Blink                 Tloc           N/A          9%          2    None
d - Conjure Flame         Conj/Fire      ###.....     11%         3    ##.....
e - Mephitic Cloud        Conj/Pois/Air  ##......     14%         3    ##.....

Your spell library contained the following spells:

 Spells                   Type           Power        Failure   Level  Hunger
 Slow                     Hex            #.......     14%         2    None


Dungeon Overview and Level Annotations

Branches:
Dungeon (3/15)

Altars:

Annotations:
D:3 Grinder


Message History

Grinder blinks!
Casting: Magic Dart (safe; 1% risk of failure)
Confirm with . or Enter, or press ? or * to list all spells.
Aiming: Magic Dart (safe; 1% risk of failure)
Press: ? - help, Shift-Dir - straight line, f/p - Grinder
Aim: Grinder (heavily wounded)
The magic dart hits Grinder.
Grinder is heavily wounded.
Grinder says, "Don't move a muscle."
Grinder hits you!
* * * LOW HITPOINT WARNING * * *
Casting: Magic Dart (safe; 1% risk of failure)
Confirm with . or Enter, or press ? or * to list all spells.
Aiming: Magic Dart (safe; 1% risk of failure)
Press: ? - help, Shift-Dir - straight line, f/p - Grinder
Aim: Grinder (heavily wounded)
The magic dart hits Grinder.
Grinder is severely wounded.
Grinder hits you.
You die...

♣≈≈÷♣#♣# #♣≈♣≈♣###
♣≈♣#♣≈#.#### ≈≈♣
♣≈'....# #+#
♣≈≈##.##.# ## ###
#.##.# #.#
.#.#.#.##.#
#.#####.###.....>....
#.5@....#.....######
##.###.......# ##
##.## ###.# #.# ##.#
#. #.# ##.## #
#.###..###.###+#
#.#.......##...##
#.##.#####.....##
##.#.# ##.......## #


You could see Grinder.

Vanquished Creatures
  An orc priest (D:3)
  An orc wizard (D:3)
  4 gnolls (D:2)
  4 adders
  2 oozes (D:1)
  4 worms
  2 leopard geckos (D:1)
  7 orcs (D:3)
  2 ball pythons (D:2)
  9 bats
  5 goblins
  5 hobgoblins
  2 jackals (D:2)
  4 frilled lizards
  3 kobolds
  9 rats
64 creatures vanquished.

Notes
Turn   | Place    | Note
-------+----------+-------------------------------------------
     0 | D:1      | Exodus22XD the Deep Elf Wizard began the quest for the Orb.
     0 | D:1      | Reached XP level 1. HP: 10/10 MP: 7/7
   244 | D:1      | Reached XP level 2. HP: 15/15 MP: 6/9
  1029 | D:1      | Learned a level 2 spell: Call Imp
  1032 | D:1      | Learned a level 2 spell: Blink
  1117 | D:2      | Reached XP level 3. HP: 19/19 MP: 8/10
  1889 | D:2      | Reached XP level 4. HP: 8/24 MP: 2/12
  2752 | D:3      | Reached XP level 5. HP: 28/28 MP: 10/13
  3016 | D:3      | Noticed Grinder
  3022 | D:3      | Learned a level 3 spell: Conjure Flame
  3026 | D:3      | Learned a level 3 spell: Mephitic Cloud
  3036 | D:3      | Slain by Grinder

Illustrated notes

Levels and vault maps discovered:
D:1:      ncdulo_wetmaze, layout_loops_ring
D:2:      layout_rooms, first_ration
D:3:      layout_loops_corners, minmay_misc_feat_doors, fountainhead,
          saegor_snake_ambush, uniq_ijyb, uniq_grinder

Skill      XL: |  1  2  3  4  5 |
---------------+----------------+-----
Conjurations   | 2 3 4 |  4.9
Summonings     | 2 3 |  3.8
Dodging        | |  2.4
Stealth        | |  2.4
Spellcasting   | |  4.4
Translocations | |  1.1

Action                   |  1- 3 |  4- 6 || total
-------------------------+-------+-------++-------
Melee: Dagger            |       |    19 ||    19
 Cast: Magic Dart        |    94 |    63 ||   157
       Call Imp          |     1 |       ||     1
  Eat: Chunk             |     3 |     3 ||     6
Armor: Robe              |     3 |     2 ||     5
Dodge: Dodged            |     7 |    19 ||    26
